 Dungeon Sprint DCSS version 0.30-a0-799-g109b55a442 (webtiles) character file.

Game seed: 14828746618329907255

11 PLAYERX the Chucker (level 2, -1/21 HPs)
             Began as a Gnoll Wanderer on Feb 20, 2023.
             Was a Believer of Makhleb.
             Slain by a river rat (4 damage)
             ... in the Dungeon (Sprint VII: "The Pits").
             The game lasted 00:03:24 (166 turns).

PLAYERX the Chucker (Gnoll Wanderer)                 Turns: 166, Time: 00:03:24

Health: -1/21      AC:  4    Str: 11    XL:     2   Next: 25%
Magic:  6/6        EV: 12    Int: 10    God:    Makhleb [**....]
Gold:   0          SH:  0    Dex: 12    Spells: 6/7 levels left

rFire   . . .      SeeInvis .    a - +2 trident
rCold   . . .      Faith    .    (no shield)
rNeg    . . .      Spirit   .    e - +0 leather armour
rPois   .          Reflect  .    (no helmet)
rElec   .          Harm     .    c - +0 cloak
rCorr   .          Rampage  .    (no gloves)
Will    .....      NoTele   +    (no boots)
Stlth   ++                       (no amulet)
HPRegen 0.23/turn                (no ring)
MPRegen 0.10/turn                (no ring)

@: no status effects
A: fangs 1, strong nose, distributed training
a: Renounce Religion, Minor Destruction


You were in the Dungeon.
You worshipped Makhleb.
Makhleb was pleased with you.
You visited 1 branch

Inventory:

Hand Weapons
 a - a +2 trident (weapon)
Missiles
 b - 4 curare-tipped darts (quivered)
Armour
 c - a +0 cloak (worn)
 e - a +0 leather armour (worn)
Scrolls
 k - a scroll of blinking
 m - 5 scrolls of amnesia
 n - a scroll of summoning
Potions
 d - a potion of attraction
 f - a potion of curing
 g - a potion of heal wounds
 h - a potion of haste
 i - 4 potions of magic
 j - 3 potions of berserk rage
 l - 2 potions of invisibility


   Skills:
 + Level 1.2 Fighting
 + Level 1.2 Short Blades
 + Level 1.2 Long Blades
 + Level 1.2 Axes
 + Level 1.2 Maces & Flails
 + Level 1.2 Polearms
 + Level 1.2 Staves
 + Level 1.2 Ranged Weapons
 + Level 6.6 Throwing
 + Level 2.8 Armour
 + Level 2.8 Dodging
 + Level 4.3 Stealth
 + Level 1.2 Shields
 + Level 1.2 Unarmed Combat
 + Level 3.0 Spellcasting
 + Level 1.0 Conjurations
 + Level 1.0 Hexes
 + Level 1.0 Summonings
 + Level 1.0 Necromancy
 + Level 1.0 Translocations
 + Level 1.0 Transmutations
 + Level 1.0 Fire Magic
 + Level 1.0 Ice Magic
 + Level 3.9 Air Magic
 + Level 1.0 Earth Magic
 + Level 1.0 Poison Magic
 + Level 1.4 Invocations
 + Level 1.2 Evocations


You had 6 spell levels left.
You knew the following spells:

 Your Spells              Type           Power      Damage    Failure   Level
a - Shock                 Conj/Air       24%        1d4       13%         1

Your spell library contained the following spells:

 Spells                   Type           Power      Damage    Failure   Level
 Swiftness                Air            9%         N/A       22%         3


Dungeon Overview and Level Annotations

Branches:
Dungeon (1/1)

Altars:
Ashenzari
Cheibriados
Dithmenos
Elyvilon
Fedhas
Gozag
Hepliaklqana
Kikubaaqudgha
Makhleb
Nemelex Xobeh
Okawaru
Qazlal
Ru
Sif Muna
Trog
Uskayaw
Vehumet
Wu Jian
Xom
Yredelemnul
Zin
The Shining One
Jiyva
Lugonu


Innate Abilities, Weirdness & Mutations

You have very sharp teeth.
Your uncanny sense of smell can sniff out nearby items.
Your experience applies equally to all skills.


Message History

You puncture the rat!
You kill the rat!
Makhleb accepts your kill.
Your Conjurations skill increases to level 1!
Your Hexes skill increases to level 1!
Your Summonings skill increases to level 1!
Your Necromancy skill increases to level 1!
Your Translocations skill increases to level 1!
Your Transmutations skill increases to level 1!
Your Fire Magic skill increases to level 1!
Your Ice Magic skill increases to level 1!
Your Earth Magic skill increases to level 1!
Your Poison Magic skill increases to level 1!
There is an open door here.
You reach to attack!
The helpless rat fails to defend itself.
You hit the rat.
You kill the rat!
Makhleb accepts your kill.
You open the door.
A goblin comes into view. It is wielding a +0 dagger.
A river rat, a bat and an orc come into view.
The orc is wielding a +2 falchion of electrocution.
The goblin shouts!
The orc shouts!
There is an open door here.
You puncture the goblin!
You kill the goblin!
Makhleb accepts your kill.
You can now harness Makhleb's destructive might.
The bat hits you but does no damage.
You closely miss the river rat.
The orc hits you with a +2 falchion of electrocution.
You are electrocuted!
The river rat bites you.
* * * LOW HITPOINT WARNING * * *
You are too injured to fight recklessly!
You are too injured to fight recklessly!
You are too injured to fight recklessly!
You hit the river rat but do no damage. The bat hits you but does no damage. x2
The orc closely misses you. The river rat bites you.
You die...

#_______...##########
##########'##........
#.?(.')))'.##......#.
##########.##........
#...........'........
#+#####'#####......#.
#..#..#..##........
#..'..)..#####'####
##@####+###.......#
#bro.....##.......#
#........##.......#
#####+#####...<...#
∆∆∆∆∆ #.......# ∆∆∆∆∆
#.......# #.......#
#########


You could see a river rat, an orc and a bat.

Vanquished Creatures
  An ufetubus (D)
  An endoplasm (D)
  A goblin (D)
  A kobold (D)
  3 rats (D)
7 creatures vanquished.

Notes
Turn   | Place    | Note
-------+----------+-------------------------------------------
     0 | D        | PLAYERX the Gnoll Wanderer began the quest for the Orb.
     0 | D        | PLAYERX set off with the following items: a +2 dagger, 4
                  | curare-tipped darts, a +0 cloak, a potion of attraction, a
                  | +0 leather armour, a potion of curing, a potion of heal
                  | wounds, a potion of haste, 2 potions of magic, a potion of
                  | berserk rage, a scroll of blinking; and the following spell
                  | memorised: Shock; and the following spells available to
                  | memorise: Swiftness.
     0 | D        | Reached XP level 1. HP: 13/13 MP: 4/4
    45 | D        | Found a bloodstained altar of Trog.
    45 | D        | Found a shimmering blue altar of Sif Muna.
    45 | D        | Found a viscous altar of Jiyva.
    45 | D        | Found a hazy altar of Hepliaklqana.
    45 | D        | Found an opulent altar of Gozag.
    46 | D        | Found a glowing golden altar of the Shining One.
    46 | D        | Found a glowing silver altar of Zin.
    46 | D        | Found a basalt altar of Yredelemnul.
    46 | D        | Found a shimmering altar of Xom.
    46 | D        | Found an ornate altar of the Wu Jian Council.
    46 | D        | Found a sacrificial altar of Ru.
    46 | D        | Found a stormy altar of Qazlal.
    46 | D        | Found an iron altar of Okawaru.
    46 | D        | Found a sparkling altar of Nemelex Xobeh.
    46 | D        | Found a burning altar of Makhleb.
    46 | D        | Found a blossoming altar of Fedhas.
    46 | D        | Found a white marble altar of Elyvilon.
    46 | D        | Found a shadowy altar of Dithmenos.
    46 | D        | Found a snail-covered altar of Cheibriados.
    48 | D        | Found a radiant altar of Vehumet.
    48 | D        | Found a corrupted altar of Lugonu.
    49 | D        | Found a hide-covered altar of Uskayaw.
    49 | D        | Found an ancient bone altar of Kikubaaqudgha.
    49 | D        | Found a broken altar of Ashenzari.
   126 | D        | Became a worshipper of Makhleb the Destroyer
   153 | D        | Reached skill level 1 in Fighting
   153 | D        | Reached skill level 1 in Short Blades
   153 | D        | Reached skill level 1 in Long Blades
   153 | D        | Reached skill level 1 in Axes
   153 | D        | Reached skill level 1 in Maces & Flails
   153 | D        | Reached skill level 1 in Polearms
   153 | D        | Reached skill level 1 in Staves
   153 | D        | Reached skill level 1 in Ranged Weapons
   153 | D        | Reached skill level 1 in Shields
   153 | D        | Reached skill level 1 in Unarmed Combat
   153 | D        | Reached skill level 1 in Invocations
   153 | D        | Reached skill level 1 in Evocations
   153 | D        | Reached XP level 2. HP: 21/21 MP: 6/6
   155 | D        | Reached * piety under Makhleb
   159 | D        | Reached skill level 1 in Conjurations
   159 | D        | Reached skill level 1 in Hexes
   159 | D        | Reached skill level 1 in Summonings
   159 | D        | Reached skill level 1 in Necromancy
   159 | D        | Reached skill level 1 in Translocations
   159 | D        | Reached skill level 1 in Transmutations
   159 | D        | Reached skill level 1 in Fire Magic
   159 | D        | Reached skill level 1 in Ice Magic
   159 | D        | Reached skill level 1 in Earth Magic
   159 | D        | Reached skill level 1 in Poison Magic
   164 | D        | Reached ** piety under Makhleb
   166 | D        | Slain by a river rat

Illustrated notes

Levels and vault maps discovered:
D:        pitsprint [storerooms_1, entrance_room_1, metal_vault_2, armoury_1,
          mini_pit_1, grid_room_1, main_hall_1, silver_pit, the_coven_1,
          the_vestibule_1, steel_vault_2, golden_pit, hallway_of_sentries,
          crystal_vault_4, iron_vault_2, final_vault]

Skill      XL: |  1  2 |
---------------+-------+-----
Fighting       | 1 |  1.2
Short Blades   | 1 |  1.2
Long Blades    | 1 |  1.2
Axes           | 1 |  1.2
Maces & Flails | 1 |  1.2
Polearms       | 1 |  1.2
Staves         | 1 |  1.2
Ranged Weapons | 1 |  1.2
Shields        | 1 |  1.2
Unarmed Combat | 1 |  1.2
Spellcasting   | 3 |  3.0
Invocations    | 1 |  1.4
Evocations     | 1 |  1.2
Conjurations   | 1 |  1.0
Hexes          | 1 |  1.0
Summonings     | 1 |  1.0
Necromancy     | 1 |  1.0
Translocations | 1 |  1.0
Transmutations | 1 |  1.0
Fire Magic     | 1 |  1.0
Ice Magic      | 1 |  1.0
Earth Magic    | 1 |  1.0
Poison Magic   | 1 |  1.0
Throwing       | |  6.6
Armour         | |  2.8
Dodging        | |  2.8
Stealth        | |  4.3
Air Magic      | |  3.9

Action                     || total
---------------------------++-------
  Melee: Trident           ||    14
         Dagger            ||     1
   Stab: Sleeping          ||     3
 Armour: Leather armour    ||     8
  Dodge: Dodged            ||    11

Table legend: (Time is in decaauts)
 A = Elapsed time spent in this place.
 B = Non-inter-level travel time spent in this place.
 C = Inter-level travel time spent in this place.
 D = Time resting spent in this place.
 E = Time spent auto-exploring this place.
 F = Levels seen in this place.
 G = Mean time per level.
                   A        B        C        D        E       F      G
               +--------+--------+--------+--------+--------+-----+--------+
         Total |    168 |    168 |      0 |      0 |      0 |   1 |  168.0 |
       Dungeon |    168 |    168 |      0 |      0 |      0 |   1 |  168.0 |
               +--------+--------+--------+--------+--------+-----+--------+

Top non-repeatable levels by time:
       D: 168 daAuts
